 Dungeon Crawl Stone Soup version 0.19.1 (webtiles) character file.

98 Gargoyl the Skirmisher (level 4, -3/40 HPs)
             Began as a Ghoul Abyssal Knight on Dec 11, 2016.
             Was a Believer of Lugonu.
             Killed from afar by an orc wizard (4 damage)
             ... with a magic dart
             ... on level 3 of the Dungeon.
             The game lasted 00:05:58 (2217 turns).

Gargoyl the Skirmisher (Ghoul Abyssal Knight)       Turns: 2217, Time: 00:05:59

Health: -3/40      AC: 11    Str: 15    XL:     4   Next: 71%
Magic:  4/4        EV:  6    Int:  7    God:    Lugonu [**....]
Gold:   170        SH:  0    Dex:  9    Spells: 0 memorised, 3 levels left

rFire  . . .     SeeInvis .     e - +0 war axe
rCold  + . .     Gourm    .     u - +0 chain mail
rNeg   + + +     Faith    .     (no shield)
rPois  ∞         Spirit   .     s - +0 helmet
rElec  .         Reflect  .     (no cloak)
rCorr  .         Harm     .     d - +0 pair of gloves
MR     .....                    (no boots)
Stlth  ..........               (no amulet)
                                (no ring)
                                (no ring)

@: rotting, slowed, very slow
A: rotting body, claws 1, carnivore 3, cold resistance 1, negative energy
resistance 3, slow regeneration 1, torment resistance, unbreathing
a: Depart the Abyss, Bend Space, Renounce Religion


You were on level 3 of the Dungeon.
You worshipped Lugonu.
Lugonu was pleased with you.
You were not hungry.

You visited 1 branch of the dungeon, and saw 3 of its levels.
You visited the Abyss 1 time.

You collected 170 gold pieces.

Inventory:

Hand Weapons
 a - a +1 hand axe
 e - a +0 war axe (weapon)
Missiles
 g - 4 tomahawks (quivered)
Armour
 d - a +0 pair of gloves (worn)
 s - a +0 helmet (worn)
 u - a +0 chain mail (worn)
Scrolls
 h - 2 scrolls of remove curse
 i - 3 scrolls of identify {unknown}
 n - a scroll of magic mapping {unknown}
 p - a scroll of enchant armour {unknown}
 r - a scroll of recharging {unknown}
Potions
 f - a potion of agility {unknown}
 j - a potion of cure mutation {unknown}
 l - a potion of lignification
 o - a potion of might {unknown}
 q - a potion of curing {unknown}
 t - a potion of resistance {unknown}
Comestibles
 b - a chunk of flesh
 c - 3 meat rations
 m - 2 royal jellies


   Skills:
 + Level 3.9 Fighting
 + Level 2.8 Axes
 * Level 2.8 Armour
 + Level 1.1 Dodging
 * Level 2.4 Invocations


You had 3 spell levels left.
You didn't know any spells.

Dungeon Overview and Level Annotations

Branches:
Dungeon (3/15)

Altars:
Okawaru


Innate Abilities, Weirdness & Mutations

Your body is rotting away.
You thrive on raw meat.
You are immune to poison.
You have sharp fingernails.
You are carnivorous and can eat meat at any time.
Your flesh is cold resistant. (rC+)
You are immune to negative energy. (rN+++)
You regenerate slowly when monsters are visible.
You are immune to unholy pain and torment.
You can survive without breathing.


Message History

The orc hits you but does no damage.
The orc wizard hits you but does no damage.
The orc hits you but does no damage. The orc wizard barely misses you.
You hit the orc wizard but do no damage.
The orc wizard is heavily wounded.
You hit the orc but do no damage. The orc wizard hits you with a dagger.
* * * LOW HITPOINT WARNING * * *
The orc hits you but does no damage. The orc wizard barely misses you.
The orc closely misses you.
The orc wizard hits you but does no damage.
It was a potion of lignification.
You feel woody for a moment. The orc completely misses you.
The orc wizard hits you but does no damage.
The orc hits you but does no damage.
The orc wizard hits you but does no damage.
It was a potion of berserk rage.
You cannot raise a blood rage in your lifeless body.
The orc wizard gestures at you while chanting.
The magic dart hits you!
You die...

#..#.♣.♣.#..#
#^..........#
####..♣.♣.♣.♣.##
##........_....#
##....#.♣.♣.♣.♣.#
##...............#
#......#.#.♣.♣.#.#
#....o...........#
#...o@...........#
#.....#.#######....#
#.##. #........#.###
# .........#.#
###########.#######
#.[............#
#...(..........#
#.......####....
######### #....


You could see an orc wizard and an orc.

Vanquished Creatures
  2 adders (D:2)
  6 worms
  A dart slug (D:2)
  2 leopard geckos
  2 orcs (D:3)
  9 bats
  2 giant cockroaches
  4 goblins
  9 hobgoblins
  2 jackals (D:1)
  A quokka (D:2)
  4 frilled lizards
  6 kobolds
  6 rats
56 creatures vanquished.

Notes
Turn   | Place    | Note
-------+----------+-------------------------------------------
     0 | Abyss:1  | Gargoyl the Ghoul Abyssal Knight began the quest for the Orb.
     0 | Abyss:1  | Reached XP level 1. HP: 19/19 MP: 1/1
    48 | D:1      | Escaped the Abyss
   322 | D:1      | Reached XP level 2. HP: 18/26 MP: 2/2
   429 | D:1      | Reached * piety under Lugonu
   532 | D:1      | Reached skill level 1 in Dodging
   965 | D:2      | Reached XP level 3. HP: 27/33 MP: 3/3
  1212 | D:2      | Reached XP level 4. HP: 24/40 MP: 4/4
  1938 | D:3      | Reached ** piety under Lugonu
  2174 | D:3      | Found an iron altar of Okawaru.
  2214 | D:3      | HP: 2/40 [orc wizard/magic dart (9)]
  2217 | D:3      | Killed from afar by an orc wizard

Skill      XL: |  1  2 |
---------------+-------+-----
Axes           | 2 |  2.8
Armour         | 2 |  2.8
Dodging        | 1 |  1.1
Fighting       | |  3.9
Invocations    | |  2.4

Action                   |  1- 3 |  4- 6 || total
-------------------------+-------+-------++-------
Melee: Hand axe          |   102 |       ||   102
       War axe           |    34 |    93 ||   127
Invok: Depart the Abyss  |     1 |       ||     1
  Use: Scroll            |     1 |       ||     1
       Potion            |       |     2 ||     2
  Eat: Chunk             |    14 |    11 ||    25
Armor: Leather armour    |    11 |       ||    11
       Ring mail         |    59 |    28 ||    87
       Chain mail        |       |    28 ||    28
       Scale mail        |       |    27 ||    27
Dodge: Dodged            |    97 |    55 ||   152
